 Dungeon Crawl Stone Soup version 0.21-a0-329-g12f17e1 (webtiles) character file.

108 Ladykiller69 the Skirmisher (level 4, -12/61 HPs)
             Began as a Gnoll Wanderer on Oct 1, 2017.
             Killed by divine providence
             ... invoked by an orc priest
              (16 damage)
             ... on level 2 of the Dungeon.
             The game lasted 00:05:34 (1543 turns).

Ladykiller69 the Skirmisher (Gnoll Wanderer)        Turns: 1543, Time: 00:05:36

Health: -12/61     AC: 22    Str: 17    XL:     4   Next: 87%
Magic:  0/5        EV:  2    Int: 15    God:
Gold:   86         SH:  5    Dex: 12    Spells: 5/5 levels left

rFire    . . .     SeeInvis .   w - -3 hunting sling (curse)
rCold    . . .     Gourm    .   q - +0 buckler
rNeg     + + +     Faith    .   (armour currently unavailable)
rPois    +         Spirit   +   (helmet currently unavailable)
rElec    .         Reflect  .   (cloak currently unavailable)
rCorr    .         Harm     .   (gloves currently unavailable)
MR       .....     NoTele   +   (boots currently unavailable)
Stlth    ++........             j - amulet of guardian spirit
HPRegen  0.20/turn              (no ring)
MPRegen  0.09/turn              (no ring)

@: tree-form (expiring)
A: distributed training, strong nose
a: no special abilities


You were on level 2 of the Dungeon.
You were hungry.
You were a tree.
You visited 1 branch of the dungeon, and saw 3 of its levels.

You collected 86 gold pieces.

Inventory:

Hand Weapons
 a - a +2 spear
 m - a +0 hunting sling
 o - a +5 dagger of venom
 w - a cursed -3 hunting sling (weapon)
Missiles
 e - 47 stones (quivered)
Armour
 c - a +0 ring mail (melded)
 q - a +0 buckler (worn)
Jewellery
 j - an amulet of guardian spirit (around neck)
Scrolls
 b - a scroll of teleportation
 f - a scroll of enchant armour {unknown}
 p - a scroll of identify
Potions
 g - a potion of haste
 i - a potion of flight {unknown}
 k - a potion of brilliance {unknown}
 l - a potion of agility {unknown}
 n - a potion of lignification
 r - a potion of degeneration {unknown}
Comestibles
 d - 4 bread rations
 h - 2 fruits


   Skills:
 + Level 6.6 Fighting
 + Level 1.2 Short Blades
 + Level 1.2 Long Blades
 + Level 1.2 Axes
 + Level 1.2 Maces & Flails
 + Level 6.6 Polearms
 + Level 1.2 Staves
 + Level 1.2 Slings
 + Level 1.2 Bows
 + Level 1.2 Crossbows
 + Level 1.2 Throwing
 + Level 4.7 Armour
 + Level 1.2 Dodging
 + Level 1.2 Stealth
   Level 0.0 Stabbing
 + Level 4.7 Shields
   Level 0.0 Traps
 + Level 1.2 Unarmed Combat
 + Level 1.2 Spellcasting
 + Level 1.2 Conjurations
 + Level 1.2 Hexes
 + Level 1.2 Charms
 + Level 1.2 Summonings
 + Level 1.2 Necromancy
 + Level 1.2 Translocations
 + Level 1.2 Transmutations
 + Level 1.2 Fire Magic
 + Level 1.2 Ice Magic
 + Level 1.2 Air Magic
 + Level 1.2 Earth Magic
 + Level 1.2 Poison Magic
 + Level 1.2 Invocations
 + Level 1.2 Evocations


You had 5 spell levels left.
You didn't know any spells.

Dungeon Overview and Level Annotations

Branches:
Dungeon (3/15)

Altars:


Innate Abilities, Weirdness & Mutations

Your experience applies equally to all skills.
((You have very sharp teeth.))
Your uncanny sense of smell can sniff out nearby items.


Message History

The stone hits the orc priest but does no damage.
The orc priest is heavily wounded.
The rat bites you but does no damage. The orc priest hits you with a club.
* * * LOW HITPOINT WARNING * * *
Firing (i - inventory):
e - 49 stones (quivered)
Press: ? - help, Shift-Dir - straight line, f/p - orc priest
Aim: an orc priest, wielding a club and wearing a scale mail (heavily wounded)
You shoot a stone. The stone barely misses the orc priest.
The rat bites you.
* * * LOW HITPOINT WARNING * * *
The orc priest looks satisfied for a moment.
Firing (i - inventory):
e - 48 stones (quivered)
Press: ? - help, Shift-Dir - straight line, f/p - orc priest
Aim: an orc priest, wielding a club and wearing a scale mail (heavily wounded)
You shoot a stone.
The stone completely misses the orc priest.
Your transformation is almost over.
The rat bites you but does no damage.
The orc priest invokes the aid of Beogh against you.
Beogh smites you!
You die...

.############.....### #....#.###
.# ##...## #....#.# ####
##.(#######....#.#
...#############......##......#
..........>[......###.##....#.#
.#.##############.###.##.#.##.###
##.# #.......#.)....... ##.#
#..#.#..#..#...... .).#
#♣o#.....)...#.### ####
#r................
#..####..####.#..#
#........####.#.##
#.######.##....## #.# #.##.#.#.##
##.######......#..#
#......##......#...
#..###.###.....####


You could see an orc priest and a rat.

Vanquished Creatures
  4 adders
  2 oozes
  2 dart slugs (D:1)
  3 leopard geckos
  An orc (D:2)
  5 bats
  A giant cockroach (D:1)
  8 goblins
  7 hobgoblins
  A quokka (D:2)
  A ball python (D:2)
  5 frilled lizards
  9 kobolds
  4 rats
53 creatures vanquished.

Notes
Turn   | Place    | Note
-------+----------+-------------------------------------------
     0 | D:1      | Ladykiller69 the Gnoll Wanderer began the quest for the Orb.
     0 | D:1      | Ladykiller69 set off with: a +2 spear, a scroll of teleportation, a +0 ring mail, a bread ration
     0 | D:1      | Reached XP level 1. HP: 23/23 MP: 1/1
   143 | D:1      | Reached XP level 2. HP: 27/29 MP: 2/2
   296 | D:1      | Reached XP level 3. HP: 33/35 MP: 3/3
   776 | D:1      | Reached skill level 1 in Short Blades
   776 | D:1      | Reached skill level 1 in Long Blades
   776 | D:1      | Reached skill level 1 in Axes
   776 | D:1      | Reached skill level 1 in Maces & Flails
   776 | D:1      | Reached skill level 1 in Staves
   776 | D:1      | Reached skill level 1 in Slings
   776 | D:1      | Reached skill level 1 in Bows
   776 | D:1      | Reached skill level 1 in Crossbows
   776 | D:1      | Reached skill level 1 in Throwing
   776 | D:1      | Reached skill level 1 in Dodging
   776 | D:1      | Reached skill level 1 in Stealth
   776 | D:1      | Reached skill level 1 in Unarmed Combat
   776 | D:1      | Reached skill level 1 in Spellcasting
   776 | D:1      | Reached skill level 1 in Conjurations
   776 | D:1      | Reached skill level 1 in Hexes
   776 | D:1      | Reached skill level 1 in Charms
   776 | D:1      | Reached skill level 1 in Summonings
   776 | D:1      | Reached skill level 1 in Necromancy
   776 | D:1      | Reached skill level 1 in Translocations
   776 | D:1      | Reached skill level 1 in Transmutations
   776 | D:1      | Reached skill level 1 in Fire Magic
   776 | D:1      | Reached skill level 1 in Ice Magic
   776 | D:1      | Reached skill level 1 in Air Magic
   776 | D:1      | Reached skill level 1 in Earth Magic
   776 | D:1      | Reached skill level 1 in Poison Magic
   776 | D:1      | Reached skill level 1 in Invocations
   776 | D:1      | Reached skill level 1 in Evocations
   825 | D:2      | Reached XP level 4. HP: 41/41 MP: 5/5
  1543 | D:2      | Killed from afar by an orc priest

Vault maps used:
D:1:      dpeg_arrival_simpleton_b
D:3:      lemuel_doored_altar, uniq_robin, uniq_natasha, uniq_sigmund

Skill      XL: |  1  2  3 |
---------------+----------+-----
Short Blades   | 1 |  1.2
Long Blades    | 1 |  1.2
Axes           | 1 |  1.2
Maces & Flails | 1 |  1.2
Staves         | 1 |  1.2
Slings         | 1 |  1.2
Bows           | 1 |  1.2
Crossbows      | 1 |  1.2
Throwing       | 1 |  1.2
Dodging        | 1 |  1.2
Stealth        | 1 |  1.2
Unarmed Combat | 1 |  1.2
Spellcasting   | 1 |  1.2
Conjurations   | 1 |  1.2
Hexes          | 1 |  1.2
Charms         | 1 |  1.2
Summonings     | 1 |  1.2
Necromancy     | 1 |  1.2
Translocations | 1 |  1.2
Transmutations | 1 |  1.2
Fire Magic     | 1 |  1.2
Ice Magic      | 1 |  1.2
Air Magic      | 1 |  1.2
Earth Magic    | 1 |  1.2
Poison Magic   | 1 |  1.2
Invocations    | 1 |  1.2
Evocations     | 1 |  1.2
Fighting       | |  6.6
Polearms       | |  6.6
Armour         | |  4.7
Shields        | |  4.7

Action                   |  1- 3 |  4- 6 || total
-------------------------+-------+-------++-------
Melee: Spear             |    70 |       ||    70
       Bite              |     4 |       ||     4
 Fire: Hunting sling     |    74 |   128 ||   202
  Use: Scroll            |     2 |     1 ||     3
       Potion            |       |     1 ||     1
  Eat: Chunk             |       |     1 ||     1
Armor: Ring mail         |    48 |    24 ||    72
       Skin              |       |    20 ||    20
Dodge: Dodged            |    61 |    54 ||   115
Block: Buckler           |       |    11 ||    11

Table legend:
 A = Spawn XP
 B = Non-spawn XP
 C = Spawn XP percentage of total XP
 D = Spawn monster count
 E = Non-spawn monster count
 F = Spawn count percentage of total count
 G = Total turns spent on level
                    A         B        C        D         E        F      G
               +---------+---------+-------+---------+---------+-------+---------
         Total |       0 |     155 |   0.0 |       0 |      53 |   0.0 |  1543
               +---------+---------+-------+---------+---------+-------+---------
           D:1 |       0 |      68 |   0.0 |       0 |      26 |   0.0 |   652
           D:2 |       0 |      87 |   0.0 |       0 |      27 |   0.0 |   883
               +---------+---------+-------+---------+---------+-------+---------
